 Dungeon Crawl Stone Soup version 0.25.1-2-g60ff931 (webtiles) character file.

Game seed: 9788401473038180774

23 Gadfly the Grave Robber (level 2, 0/15 HPs)
             Began as a Deep Elf Necromancer on Aug 6, 2020.
             Slain by a quokka (5 damage)
             ... on level 1 of the Dungeon.
             The game lasted 00:01:25 (1929 turns).

Gadfly the Grave Robber (Deep Elf Necromancer)      Turns: 1929, Time: 00:01:26

Health: 0/15       AC:  2    Str:  5    XL:     2   Next: 75%
Magic:  8/8        EV: 13    Int: 19    God:
Gold:   10         SH:  0    Dex: 15    Spells: 7/8 levels left

rFire    . . .     SeeInvis .   d - +1 dagger
rCold    . . .     Gourm    .   (no shield)
rNeg     . . .     Faith    .   a - +0 robe
rPois    .         Spirit   .   (no helmet)
rElec    .         Reflect  .   (no cloak)
rCorr    .         Harm     .   (no gloves)
MR       .....                  (no boots)
Stlth    ++........             (no amulet)
HPRegen  0.05/turn              (no ring)
MPRegen  0.11/turn              (no ring)

@: no status effects
A: no striking features
a: no special abilities


You were on level 1 of the Dungeon.
You were not hungry.

You visited 1 branch of the dungeon, and saw 2 of its levels.

You collected 10 gold pieces.

Inventory:

Hand Weapons
 d - a +1 dagger (weapon)
Armour
 a - a +0 robe (worn)
Scrolls
 e - 3 scrolls of remove curse
Potions
 g - a potion of curing {unknown}
 i - a potion of lignification
 k - a potion of brilliance {unknown}
Comestibles
 c - 3 rations
 j - 2 chunks of flesh


   Skills:
 + Level 2.8 Dodging
 - Level 2.4 Stealth
 * Level 3.7 Spellcasting
 * Level 5.2 Necromancy


You had 7 spell levels left.
You knew the following spells:

 Your Spells              Type           Power        Failure   Level  Hunger
a - Pain                  Necr           ###.         1%          1    None

Your spell library contained the following spells:

 Spells                   Type           Power        Failure   Level  Hunger
 Animate Skeleton         Necr           N/A          1%          1    None
 Vampiric Draining        Necr           ###.......   4%          3    ###....
 Animate Dead             Necr           N/A          16%         4    ####...
 Agony                    Necr           ###.....     41%         5    ######.


Dungeon Overview and Level Annotations

Branches:
Dungeon (2/15)

Altars:


Message History

You hit the quokka but do no damage. The quokka barely misses you.
You hit the quokka but do no damage.
The quokka bites you but does no damage.
The quokka barely misses you.
You hit the quokka.
The quokka is heavily wounded.
The quokka bites you.
You hit the quokka.
The quokka is almost dead.
The quokka barely misses you.
You hit the quokka but do no damage.
The quokka is almost dead.
The quokka bites you.
You barely miss the quokka.
The quokka is almost dead.
The quokka completely misses you.
You barely miss the quokka.
The quokka is almost dead.
The quokka bites you. x2
You die...

##############.....(.....'(..
#.....######....######.###...
#................# #.# #...
##.#########+##..### #.# #...
#.# #........# #.# #... #.#
#........# #.# #... #.#
######........# #.# #... #.#
#.......r.....###+###... #.#
#......@......+.....'... #.#
#.............#....##... #.#
#.............#....####+ #.#
#######.......+....# #. #.#
#.............#....####. #.#
#..................#.... #.#
#..................#.... #.#
#..................#.... #.#
#..................#....


You could see a quokka.

Vanquished Creatures
  A dart slug (D:1)
  A leopard gecko (D:1)
  A bat (D:1)
  2 goblins (D:1)
  7 hobgoblins (D:1)
  A frilled lizard (D:1)
  2 kobolds (D:1)
  4 rats (D:1)
19 creatures vanquished.

Notes
Turn   | Place    | Note
-------+----------+-------------------------------------------
     0 | D:1      | Gadfly the Deep Elf Necromancer began the quest for the
                  | Orb.
     0 | D:1      | Reached XP level 1. HP: 10/10 MP: 6/6
   737 | D:1      | Reached skill level 5 in Necromancy
   824 | D:1      | Reached XP level 2. HP: 14/15 MP: 5/8
  1929 | D:1      | Slain by a quokka

Illustrated notes

Levels and vault maps discovered:
D:1:      sevenhm_arrival_forest_fort_large_2, layout_basic
D:2:      layout_rooms, led_sif_pool, first_ration, serial_forest,
          infiniplex_forest_end_2, infiniplex_forest_corner_2,
          infiniplex_forest_join, infiniplex_forest_clump_tiny,
          infiniplex_forest_clump_tiny, infiniplex_forest_clump_small,
          infiniplex_forest_lined_4_way, infiniplex_forest_clump_double,
          uniq_jessica

Skill      XL: |  1 |
---------------+----+-----
Necromancy     | 5 |  5.2
Dodging        | |  2.8
Stealth        | |  2.4
Spellcasting   | |  3.7

Action                   || total
-------------------------++-------
Melee: Dagger            ||    25
 Cast: Pain              ||    29
  Use: Scroll            ||     4
  Eat: Chunk             ||     3
Armor: Robe              ||    11
Dodge: Dodged            ||    22
